 Dungeon Crawl Stone Soup version 0.31-a0-96-g196d5507e3 (webtiles) character file.

Game seed: 15956147892407594690

3036 Kenran the Grappler (level 9, -1/68 HPs)
             Began as a Vampire Fighter on May 26, 2023.
             Was an Initiate of Cheibriados.
             Slain by a manticore (2 damage)
             ... on level 7 of the Dungeon.
             The game lasted 00:11:31 (5406 turns).

Kenran the Grappler (Vampire Fighter)               Turns: 5406, Time: 00:11:31

Health: -1/68      AC: 13    Str: 18    XL:     9   Next: 56%
Magic:  9/9        EV: 11    Int: 12    God:    Cheibriados [......]
Gold:   329        SH: 11    Dex: 16    Spells: 8/8 levels left

rFire   + +          .
                       - Unarmed
rCold   + + +        E - +2 shield of Resistance {rF++ rC++ Will++}
rNeg    . . .        a - +0 scale mail
rPois   +            m - +2 helmet
rElec   .            (no cloak)
rCorr   .            G - +0 pair of gloves
SInv    +            h - +0 pair of boots
Will    +++..        (no amulet) Stlth
                     r - ring of protection from cold
HPRegen 0.51/turn    A - ring of poison resistance
MPRegen 0.11/turn

%: no passive effects
@: mighty, enlightened, flying, healing quickly, slowed, very slow
A: alive, fangs 3, see invisible, vampiric 2
a: Exsanguinate, Renounce Religion


You were on level 7 of the Dungeon.
You worshipped Cheibriados.
Cheibriados was noncommittal.
You visited 2 branches of the dungeon, and saw 8 of its levels.

You collected 329 gold pieces.

Inventory:

Armour
 a - a +0 scale mail (worn)
 h - a +0 pair of boots (worn)
 m - a +2 helmet (worn)
 E - the +2 shield of Resistance (worn) {rF++ rC++ Will++}
   (You found it on level 7 of the Dungeon)

   rF:        It greatly protects you from fire.
   rC:        It greatly protects you from cold.
   Will:      It greatly increases your willpower.
 G - a +0 pair of gloves (worn)
Jewellery
 r - a ring of protection from cold (left hand)
 v - a ring of resist corrosion
 x - a ring of willpower
 A - a ring of poison resistance (right hand)
Wands
 w - a wand of iceblast (19)
 y - a wand of flame (16)
 H - a wand of digging (2)
Scrolls
 b - a scroll of enchant weapon {unknown}
 d - a scroll of silence
 g - 2 scrolls of teleportation
 i - 5 scrolls of immolation {!r}
 j - 2 scrolls of poison {!r}
 k - 2 scrolls of amnesia
 s - 2 scrolls of vulnerability {!r}
 u - 5 scrolls of enchant armour
 C - a scroll of fog
Potions
 e - 3 potions of resistance
 f - 2 potions of berserk rage {unknown}
 l - a potion of mutation {unknown}
 n - 3 potions of curing {@q1}
 o - a potion of brilliance {unknown}
 p - a potion of lignification {unknown}
 q - a potion of ambrosia {unknown}
 t - a potion of attraction {unknown}
 z - 3 potions of enlightenment
 B - a potion of magic {unknown}
 D - a potion of cancellation {unknown}
 F - a potion of haste {unknown}
 J - a potion of invisibility {unknown}
Miscellaneous
 I - a piece from Xom's chessboard (15/15)


   Skills:
 - Level 5.0 Fighting
 - Level 5.0 Armour
 + Level 5.7 Dodging
 - Level 4.0 Shields
 - Level 10.0 Unarmed Combat
 - Level 3.0 Evocations


You had 8 spell levels left.
You didn't know any spells.
Your spell library contained the following spells:

 Spells                   Type           Power      Damage    Failure   Level
 Apportation              Tloc           0%         N/A       95%         1
 Necrotise                Necr           0%         1d4       95%         1
 Summon Small Mammal      Summ           0%         N/A       95%         1
 Poisonous Vapours        Pois/Air       0%         N/A       98%         2
 Sublimation of Blood     Necr           0%         N/A       98%         2
 Mephitic Cloud           Conj/Pois/Air  0%         N/A       100%        3
 Petrify                  Tmut/Erth      0%         N/A       100%        4
 Freezing Cloud           Conj/Ice/Air   0%         6-21      100%        5
 Irradiate                Conj/Tmut      0%         3d11      100%        5


Dungeon Overview and Level Annotations

Branches:
Dungeon (7/15)             Temple (1/1) D:7

Altars:
Ashenzari
Cheibriados
Fedhas
Gozag
Hepliaklqana
Kikubaaqudgha
Makhleb
Ru
Sif Muna
Trog
Uskayaw
Vehumet
Xom
Yredelemnul


Innate Abilities, Weirdness & Mutations

Your natural rate of healing is accelerated.
You have razor-sharp teeth.
You have supernaturally acute eyesight. (SInv)
You are afflicted with vampirism and can become a bat while bloodless.


Message History

You hit the vampire mosquito. Your bite misses the vampire mosquito.
The vampire mosquito is heavily damaged.
The vampire mosquito closely misses you.
The vampire mosquito bites you!
The vampire mosquito draws strength from your injuries!
You hit the vampire mosquito.
The vampire mosquito is heavily damaged.
You block the vampire mosquito's attack. x2
The vampire mosquito bites you.
The vampire mosquito draws strength from your injuries!
You are too injured to fight recklessly!
You are too injured to fight recklessly!
You are too injured to fight recklessly!
You punch the vampire mosquito! Your bite misses the vampire mosquito.
The vampire mosquito is almost destroyed.
The vampire mosquito completely misses you.
The vampire mosquito closely misses you.
You block the vampire mosquito's attack.
You punch the vampire mosquito!
You destroy the vampire mosquito!
Cheibriados thoroughly appreciates the change of pace.
The manticore bites you!
The manticore claws you but does no damage.
You block the manticore's attack.
You feel very mighty all of a sudden. The manticore bites you!
* * * LOW HITPOINT WARNING * * *
The manticore claws you!
* * * LOW HITPOINT WARNING * * *
The manticore closely misses you.
It was a potion of enlightenment.
You feel very buoyant.
You fly up into the air.
You block the manticore's attack.
The manticore claws you but does no damage.
The manticore claws you!
* * * LOW HITPOINT WARNING * * *
The manticore bites you but does no damage.
The manticore claws you but does no damage.
The manticore claws you.
You die...

..░.░..░░░..░.░.░░.....░░..
..░.░.░...░.░.░░░.░░░░░.░░.
....░.░.░(░.░..░.░░. .░
..░.░.░...░.░...░░H .░
..░.░..░░░..░...░.░ ░
..░░.░.....░.░.░░y░
...░░.░░░░░.░░.░.░ ░
....░░.....░░░░H░░ .░ . #..
░░░.....░░░@░░ .░ .. #.##
░░.....░░░.░░░░░.░ ...
░░..▓.▓..░░░.....░ .... #
░░.........░░░░.░░░....#
#.░...........░.(.......#
#.░.▓..⸘.☉..▓.░###.##..##
#.......▓......###.##+###
#.░.▓..₪.⚖..▓.░##.......#
#.░...........░ #.......#


You could see a manticore.

Vanquished Creatures
  A two-headed ogre (D:7)
  A wraith (D:7)
  Eustachio (D:4)
  A vampire mosquito (D:7)
  Menkaure (D:7)
  Duvessa (D:7)
  A water moccasin (D:5)
  An ice beast (D:7)
  A black bear (D:6)
  A centaur (D:6)
  2 ogres
  A kobold brigand (D:6)
  2 bullfrogs (D:7)
  3 scorpions
  5 wights (D:7)
  Dowan (D:7)
  A gnoll bouda (D:2)
  2 orc priests
  2 sleepcaps (D:5)
  2 iguanas (D:6)
  5 orc wizards
  Robin (D:2)
  5 adders
  5 gnolls
  3 white imps
  5 worms
  4 dart slugs
  13 orcs
  13 endoplasms
  2 giant cockroaches
  16 goblins
  11 hobgoblins
  4 jackals
  5 quokkas
  8 ball pythons
  4 bats
  6 frilled lizards
  14 kobolds
  10 rats
165 creatures vanquished.

Vanquished Creatures (others)
  An orc wizard (D:7)
  A goblin (D:3)
2 creatures vanquished.

Grand Total: 167 creatures vanquished

Notes
Turn   | Place    | Note
-------+----------+-------------------------------------------
     0 | D:1      | Kenran the Vampire Fighter began the quest for the Orb.
     0 | D:1      | Reached XP level 1. HP: 17/17 MP: 1/1
   114 | D:1      | Reached skill level 3 in Unarmed Combat
   114 | D:1      | Reached XP level 2. HP: 21/23 MP: 2/2
   458 | D:1      | Gained mutation: You are afflicted with vampirism and can
                  | become a bat while bloodless. [Vampire growth]
   458 | D:1      | Reached XP level 3. HP: 25/28 MP: 3/3
   493 | D:1      | Reached skill level 4 in Unarmed Combat
   944 | D:2      | Noticed Robin
  1010 | D:2      | Killed Robin
  1129 | D:2      | Reached XP level 4. HP: 34/34 MP: 4/4
  1455 | D:2      | Reached skill level 5 in Unarmed Combat
  1599 | D:3      | Noticed a scorpion
  1613 | D:3      | Killed a scorpion
  1614 | D:3      | Reached XP level 5. HP: 34/39 MP: 5/5
  1732 | D:3      | Reached skill level 6 in Unarmed Combat
  2326 | D:4      | Noticed Eustachio
  2520 | D:4      | Reached skill level 7 in Unarmed Combat
  2520 | D:4      | Reached XP level 6. HP: 30/46 MP: 6/6
  2677 | D:4      | Killed Eustachio
  2678 | D:4      | Reached skill level 8 in Unarmed Combat
  2814 | D:4      | Reached XP level 7. HP: 51/51 MP: 7/7
  3203 | D:5      | Entered Level 5 of the Dungeon
  3516 | D:5      | Found a blossoming altar of Fedhas.
  3693 | D:5      | Reached skill level 9 in Unarmed Combat
  3877 | D:6      | Reached skill level 10 in Unarmed Combat
  4028 | D:6      | Reached XP level 8. HP: 42/58 MP: 8/8
  4323 | D:6      | Found a sacrificial altar of Ru.
  4639 | D:7      | Reached skill level 5 in Fighting
  4639 | D:7      | Reached skill level 1 in Evocations
  4751 | D:7      | Noticed Menkaure
  4755 | D:7      | Killed Menkaure
  4823 | D:7      | Noticed Dowan
  4851 | D:7      | Killed Dowan
  4888 | D:7      | Noticed Duvessa
  4897 | D:7      | Killed Duvessa
  5017 | D:7      | Found the +2 shield of Resistance {rF++ rC++ Will++}
  5022 | D:7      | Found a staircase to the Ecumenical Temple.
  5059 | D:7      | Reached XP level 9. HP: 65/68 MP: 9/9
  5123 | Temple   | Entered the Ecumenical Temple
  5181 | Temple   | Became a worshipper of Cheibriados the Contemplative
  5277 | D:7      | Noticed a two-headed ogre
  5280 | D:7      | Killed a two-headed ogre
  5281 | D:7      | Reached skill level 5 in Armour
  5330 | D:7      | Found a shimmering altar of Xom.
  5330 | D:7      | Found an opulent altar of Gozag.
  5330 | D:7      | Found a sacrificial altar of Ru.
  5382 | D:7      | Noticed a manticore
  5400 | D:7      | Reached skill level 5 in Dodging
  5406 | D:7      | HP: 1/68 [manticore (10)]
  5406 | D:7      | Slain by a manticore

Illustrated notes

Levels and vault maps discovered:
D:1:      dpeg_arrival_arbitrary_a, layout_loops_ring, hangedman_decor_push
D:2:      layout_basic, minmay_circle_x, uniq_robin
D:3:      kennysheep_six_static_rooms, layout_basic
D:4:      layout_basic, uniq_eustachio
D:5:      layout_basic, fedhas_altar_4
D:6:      hellmonk_crumbling_castle, layout_loops_ring,
          nicolae_ru_the_path_less_chosen
D:7:      minmay_the_grid_octo_triangle [minmay_the_grid_octo_concentric,
          minmay_the_grid_octo_prize_single_spiral,
          minmay_the_grid_octo_shrine], layout_basic, minmay_temple_entry_mist,
          uniq_maggie, uniq_duvessa, uniq_joseph, uniq_menkaure
Temple:   nicolae_temple_bog_church

Skill      XL: |  1  2  3  4  5  6  7  8  9 |
---------------+----------------------------+-----
Unarmed Combat | 3 4 5 7 8 10 | 10.0
Fighting       | 3 5 |  5.0
Shields        | 3 4 |  4.0
Evocations     | 3 |  3.0
Armour         | 4 5 |  5.0
Dodging        | 5 |  5.7

Action                     |  1- 3 |  4- 6 |  7- 9 || total
---------------------------+-------+-------+-------++-------
  Melee: Unarmed           |   118 |   224 |   253 ||   595
         Bite              |    19 |    24 |    33 ||    76
  Evoke: Wand              |       |     4 |     5 ||     9
    Use: Scroll            |     3 |     2 |     5 ||    10
         Potion            |       |       |     6 ||     6
 Armour: Scale mail        |    35 |    75 |    90 ||   200
  Dodge: Dodged            |    16 |    98 |    75 ||   189
  Block: Buckler           |    18 |    44 |    29 ||    91
         Kite shield       |       |       |    34 ||    34

Table legend: (Time is in decaauts)
 A = Elapsed time spent in this place.
 B = Non-inter-level travel time spent in this place.
 C = Inter-level travel time spent in this place.
 D = Time resting spent in this place.
 E = Time spent auto-exploring this place.
 F = Levels seen in this place.
 G = Mean time per level.
                   A        B        C        D        E       F      G
               +--------+--------+--------+--------+--------+-----+--------+
         Total |   5420 |   5144 |    276 |    395 |   3152 |   8 |  677.5 |
       Dungeon |   5347 |   5090 |    257 |    395 |   3143 |   7 |  763.9 |
        Temple |     72 |     53 |     19 |      0 |      9 |   1 |   72.0 |
               +--------+--------+--------+--------+--------+-----+--------+

Top non-repeatable levels by time:
     D:7: 844 daAuts
     D:2: 844 daAuts
     D:4: 783 daAuts
     D:1: 782 daAuts
     D:3: 771 daAuts
     D:6: 753 daAuts
     D:5: 568 daAuts
  Temple: 72 daAuts
